cohdb
Replays
Latest Replays
All Replays
Popular Replays
Top Player Replays
Match Explorer
How It Works
Community
CoH3 Stats
Reddit
Sign in to upload your games and track your stats! →
Sign in with Steam
Match 38790368
Unlisted
Match 38790368
Overview
Messages
Build Orders
End
Kradschützen Motorcycle Team
Selects Armored Support Battlegroup
Panzergrenadier Squad
Panzergrenadier Squad
Construct Light Support Kompanie
Selects Veteran Gunners
2.5-tonne Medical Truck
Fire Support Elements
Flakvierling Half-track
Vehicle Survival Package
Construct Panzerarmee Kommand
Selects Flammpanzer III Medium Tank
Flammpanzer III Medium Tank
Construct Panzerarmee Kommand
Selects Battlefield Salvage
Selects Salvage Kits
Panzer III L Medium Tank
Combat Half-tracks
Panzer III L Medium Tank
Selects Panzer Storm
Panzergrenadier Squad
Armored Reserves
Panzer III L Medium Tank
Panzer III L Medium Tank
Panzer Storm
Selects Stuka Anti-tank Loiter
Tungsten Core Ammunition
Emergency Repair Kits
Selects Battlefield Salvage
Battlefield Salvage
Tiger Heavy Tank
Flammpanzer III Medium Tank
Flammpanzer III Medium Tank
Panzer III L Medium Tank
Panzer III L Medium Tank
PurpleShellCrab
JeonGong
Mishkashmoodle
Tanith's Finest
0
0
Comments
sign in to comment!
No comments posted yet!